MLB
CINCINNATI REDS @ ST. LOUIS CARDINALS
07/15/2018
 
TOP OF THE 1ST
Cincinnati Reds batting - Pitching for St. Louis Cardinals : LHP Wei-Yin Chen
Pitching: LHP Wei-Yin Chen
Batting: RHB Trea Turner 0-0: Called Strike
0-1: Bunt for hit to 2R - play at first, batter OUT! 2-3
Batting: LHB Scooter Gennett 0-0: Ball
1-0: Swinging Strike
1-1: Ground out 6-3 (Groundball, 6M)
Batting: LHB Robinson Cano 0-0: Ball
1-0: Ball
2-0: Called Strike
2-1: Foul Ball, location: 2F
2-2: Strikes out looking
Top of the 1st over - 0 runs, 0 hits, 0 errors, 0 left on base; Cincinnati 0 - St. Louis 0
BOTTOM OF THE 1ST
St. Louis Cardinals batting - Pitching for Cincinnati Reds : RHP Felix Hernandez
Pitching: RHP Felix Hernandez
Batting: SHB Ozzie Albies 0-0: Swinging Strike
0-1: Swinging Strike
0-2: Foul Ball, location: 2F
0-2: Strikes out swinging
Batting: RHB Alex Bregman 0-0: Ball
1-0: Fly out, F9 (Flyball, 9D)
Batting: RHB Jose Alberto Martinez 0-0: Called Strike
0-1: Foul Ball, location: 2F
0-2: Ball
1-2: Strikes out swinging
Bottom of the 1st over - 0 runs, 0 hits, 0 errors, 0 left on base; Cincinnati 0 - St. Louis 0
TOP OF THE 2ND
Cincinnati Reds batting - Pitching for St. Louis Cardinals : LHP Wei-Yin Chen
Batting: RHB Edwin Encarnacion 0-0: Swinging Strike
0-1: Foul Ball, location: 2F
0-2: Foul Ball, location: 2F
0-2: Foul Ball, location: 2F
0-2: Ball
1-2: Ball
2-2: Ball
3-2: Foul Ball, location: 2F
3-2: Ground out 6-3 (Groundball, 6M)
Batting: LHB Joey Gallo 0-0: Fly out, F9 (Line Drive, 9)
Batting: RHB Adam Duvall 0-0: Called Strike
0-1: Ball
1-1: Foul Ball, location: 2F
1-2: Ground out 6-3 (Groundball, 6)
Top of the 2nd over - 0 runs, 0 hits, 0 errors, 0 left on base; Cincinnati 0 - St. Louis 0
BOTTOM OF THE 2ND
St. Louis Cardinals batting - Pitching for Cincinnati Reds : RHP Felix Hernandez
Batting: RHB Mark Reynolds 0-0: Ball
1-0: Foul Ball, location: 2F
1-1: Ball
2-1: Ball
3-1: Foul Ball, location: 2F
3-2: Base on Balls
Batting: LHB Alex Avila 0-0: Called Strike
0-1: Ball
1-1: Grounds into double play, 4-5-3 (Groundball, 34)
Batting: LHB Brett Phillips 0-0: Ball
1-0: Called Strike
1-1: Swinging Strike
1-2: Strikes out swinging
Bottom of the 2nd over - 0 runs, 0 hits, 0 errors, 0 left on base; Cincinnati 0 - St. Louis 0
TOP OF THE 3RD
Cincinnati Reds batting - Pitching for St. Louis Cardinals : LHP Wei-Yin Chen
Batting: SHB Yasmani Grandal 0-0: Called Strike
0-1: Foul Ball, location: 2F
0-2: Ball
1-2: Ball
2-2: Ball
3-2: Ground out 5-3 (Groundball, 56)
Batting: RHB Felix Hernandez 0-0: Ground out 5-3 (Groundball, 56S)
Batting: LHB Jarrod Dyson 0-0: Ball
1-0: DOUBLE (Line Drive, 78D)
Batting: RHB Trea Turner 0-0: Fly out, F9 (Line Drive, 9)
Top of the 3rd over - 0 runs, 1 hit, 0 errors, 1 left on base; Cincinnati 0 - St. Louis 0
BOTTOM OF THE 3RD
St. Louis Cardinals batting - Pitching for Cincinnati Reds : RHP Felix Hernandez
Batting: RHB Harrison Bader 0-0: Ball
1-0: Ball
2-0: Called Strike
2-1: Ball
3-1: Foul Ball, location: 2F
3-2: SINGLE (Line Drive, 8RS)
Batting: RHB Adeiny Hechavarria 0-0: Ball
1-0: Ball
2-0: Called Strike
2-1: Foul Ball, location: 2F
2-2: Grounds into double play, 5-4-3 (Groundball, 56)
Batting: RHB Wei-Yin Chen 0-0: Ball
1-0: Foul Ball, location: 2F
1-1: Foul Ball, location: 2F
1-2: Fly out, F9 (Flyball, 9)
Bottom of the 3rd over - 0 runs, 1 hit, 0 errors, 0 left on base; Cincinnati 0 - St. Louis 0
TOP OF THE 4TH
Cincinnati Reds batting - Pitching for St. Louis Cardinals : LHP Wei-Yin Chen
Batting: LHB Scooter Gennett 0-0: Foul Ball, location: 2F
0-1: SINGLE (Line Drive, 89S)
Batting: LHB Robinson Cano 0-0: Called Strike
0-1: Grounds into double play, 5-4-3 (Groundball, 5)
Batting: RHB Edwin Encarnacion 0-0: Called Strike
0-1: Ball
1-1: Called Strike
1-2: Ball
2-2: Ball
3-2: Strikes out swinging
Top of the 4th over - 0 runs, 1 hit, 0 errors, 0 left on base; Cincinnati 0 - St. Louis 0
BOTTOM OF THE 4TH
St. Louis Cardinals batting - Pitching for Cincinnati Reds : RHP Felix Hernandez
Batting: SHB Ozzie Albies 0-0: Swinging Strike
0-1: Fly out, F7 (Flyball, 7D)
Batting: RHB Alex Bregman 0-0: Ball
1-0: Ball
2-0: Ball
3-0: Base on Balls
Batting: RHB Jose Alberto Martinez 0-0: Fly out, F6 (Line Drive, 6)
Batting: RHB Mark Reynolds 0-0: Called Strike
0-1: Ball
1-1: Called Strike
1-2: Fly out, F9 (Flyball, 89D)
Bottom of the 4th over - 0 runs, 0 hits, 0 errors, 1 left on base; Cincinnati 0 - St. Louis 0
TOP OF THE 5TH
Cincinnati Reds batting - Pitching for St. Louis Cardinals : LHP Wei-Yin Chen
Batting: LHB Joey Gallo 0-0: Ball
1-0: Ball
2-0: Called Strike
2-1: Foul Ball, location: 2F
2-2: Strikes out swinging
Batting: RHB Adam Duvall 0-0: Foul Ball, location: 2F
0-1: Foul Ball, location: 2F
0-2: Ball
1-2: Strikes out looking
Batting: SHB Yasmani Grandal 0-0: Called Strike
0-1: Ball
1-1: Ball
2-1: Foul Ball, location: 2F
2-2: Strikes out swinging
Top of the 5th over - 0 runs, 0 hits, 0 errors, 0 left on base; Cincinnati 0 - St. Louis 0
BOTTOM OF THE 5TH
St. Louis Cardinals batting - Pitching for Cincinnati Reds : RHP Felix Hernandez
Batting: LHB Alex Avila 0-0: Ball
1-0: Ball
2-0: Ball
3-0: Base on Balls
Batting: LHB Brett Phillips 0-0: Called Strike
0-1: Swinging Strike
0-2: Strikes out swinging
Batting: RHB Harrison Bader 0-0: Ball
1-0: Called Strike
1-1: Called Strike
1-2: Fly out, F5 (Line Drive, 5)
Batting: RHB Adeiny Hechavarria 0-0: Called Strike
0-1: Foul Ball, location: 2F
0-2: Foul Ball, location: 2F
0-2: Foul Ball, location: 2F
0-2: Foul Ball, location: 2F
0-2: Ball
1-2: Ball
2-2: Strikes out looking
Bottom of the 5th over - 0 runs, 0 hits, 0 errors, 1 left on base; Cincinnati 0 - St. Louis 0
TOP OF THE 6TH
Cincinnati Reds batting - Pitching for St. Louis Cardinals : LHP Wei-Yin Chen
Batting: RHB Felix Hernandez 0-0: Ball
1-0: Foul Ball, location: 2F
1-1: Foul Ball, location: 2F
1-2: Strikes out looking
Batting: LHB Jarrod Dyson 0-0: Ball
1-0: Ground out 4-3 (Groundball, 4MD)
Batting: RHB Trea Turner 0-0: Fly out, F9 (Flyball, 89S)
Top of the 6th over - 0 runs, 0 hits, 0 errors, 0 left on base; Cincinnati 0 - St. Louis 0
BOTTOM OF THE 6TH
St. Louis Cardinals batting - Pitching for Cincinnati Reds : RHP Felix Hernandez
Batting: RHB Wei-Yin Chen 0-0: Ball
1-0: Ball
2-0: Fly out, F8 (Flyball, 8RD)
Batting: SHB Ozzie Albies 0-0: SINGLE (Line Drive, 7LM)
Batting: RHB Alex Bregman 0-0: Ball
1-0: Foul Ball, location: 2F
1-1: Ball
2-1: DOUBLE (Groundball, 5L)
Ozzie Albies to third
Batting: RHB Jose Alberto Martinez 0-0: Fly out, F9 (Flyball, 9S)
Runner from 3rd tags up, SCORES, throw by RF
Batting: RHB Mark Reynolds 0-0: SINGLE (Groundball, 56D)
Alex Bregman to third
Runner from 3rd tries for Home, SAFE, no throw by LF
Batting: LHB Alex Avila 0-0: Called Strike
0-1: Called Strike
0-2: Ball
1-2: Ball
2-2: Foul Ball, location: 2F
2-2: Foul Ball, location: 2F
2-2: Strikes out swinging
Bottom of the 6th over - 2 runs, 3 hits, 0 errors, 1 left on base; Cincinnati 0 - St. Louis 2
TOP OF THE 7TH
Cincinnati Reds batting - Pitching for St. Louis Cardinals : LHP Wei-Yin Chen
Batting: LHB Scooter Gennett 0-0: Foul Ball, location: 2F
0-1: Called Strike
0-2: Foul Ball, location: 2F
0-2: Foul Ball, location: 2F
0-2: Ball
1-2: Fly out, F9 (Flyball, 9D)
Batting: LHB Robinson Cano 0-0: Ball
1-0: Swinging Strike
1-1: Called Strike
1-2: Strikes out swinging
Batting: RHB Edwin Encarnacion 0-0: Called Strike
0-1: Fly out, F7 (Flyball, 7S)
Top of the 7th over - 0 runs, 0 hits, 0 errors, 0 left on base; Cincinnati 0 - St. Louis 2
BOTTOM OF THE 7TH
St. Louis Cardinals batting - Pitching for Cincinnati Reds : RHP Felix Hernandez
Batting: LHB Brett Phillips 0-0: Ball
1-0: Ball
2-0: Foul Ball, location: 2F
2-1: Foul Ball, location: 2F
2-2: Ball
3-2: Base on Balls
Batting: RHB Harrison Bader 0-0: Called Strike
0-1: Ball
1-1: SINGLE (Groundball, 34D)
Brett Phillips to second
Runner from 2nd tries for 3rd, SAFE, throw by RF made to third
Batting: RHB Adeiny Hechavarria 0-0: Fly out, F9 (Flyball, 89M)
Runner from 3rd tags up, SCORES, throw by RF
Batting: RHB Wei-Yin Chen 0-0: Called Strike
0-1: Reached on error, E1 (Groundball, 13)
Harrison Bader to third
Pitching: LHP Rex Brothers
Batting: SHB Ozzie Albies 0-0: SINGLE (Line Drive, 78M)
Harrison Bader scores
Wei-Yin Chen to third
Runner from 3rd tries for Home, SAFE, throw by CF to home
Batting: RHB Alex Bregman 0-0: Ball
1-0: Swinging Strike
1-1: Called Strike
1-2: Foul Ball, location: 2F
1-2: Ball
2-2: Ball
3-2: Grounds into double play, 1-4-3 (Groundball, 15S)
Bottom of the 7th over - 3 runs, 2 hits, 1 error, 0 left on base; Cincinnati 0 - St. Louis 5
TOP OF THE 8TH
Cincinnati Reds batting - Pitching for St. Louis Cardinals : LHP Wei-Yin Chen
Batting: LHB Joey Gallo 0-0: Foul Ball, location: 2F
0-1: Ball
1-1: Ball
2-1: Ball
3-1: Called Strike
3-2: Foul Ball, location: 2F
3-2: Foul Ball, location: 2F
3-2: Foul Ball, location: 2F
3-2: Strikes out swinging
Batting: RHB Adam Duvall 0-0: Foul Ball, location: 2F
0-1: Foul Ball, location: 2F
0-2: Ground out 5-3 (Groundball, 5)
Batting: SHB Yasmani Grandal 0-0: Called Strike
0-1: Called Strike
0-2: Foul Ball, location: 2F
0-2: Ball
1-2: SOLO HOME RUN (Flyball, 7D), Distance : 376 ft
Pinch Hitting: LHB Adrian Gonzalez 0-0: Swinging Strike
0-1: Fly out, F8 (Flyball, 8LS)
Top of the 8th over - 1 run, 1 hit, 0 errors, 0 left on base; Cincinnati 1 - St. Louis 5
BOTTOM OF THE 8TH
St. Louis Cardinals batting - Pitching for Cincinnati Reds : LHP Rex Brothers
Pitching: RHP Bruce Rondon
Batting: RHB Jose Alberto Martinez 0-0: Called Strike
0-1: Ball
1-1: Foul Ball, location: 2F
1-2: Ball
2-2: Ball
3-2: SINGLE (Line Drive, 89M)
Batting: RHB Mark Reynolds 0-0: Ball
1-0: Called Strike
1-1: Ball
2-1: Foul Ball, location: 2F
2-2: Strikes out swinging
Batting: LHB Alex Avila 0-0: Called Strike
0-1: Ball
1-1: Foul Ball, location: 2F
1-2: Foul Ball, location: 2F
1-2: Ball
2-2: Ball
3-2: Base on Balls
Jose Alberto Martinez to second
Pitching: RHP Jake Peavy
Batting: LHB Brett Phillips 0-0: Called Strike
0-1: Ball
1-1: Ball
2-1: Foul Ball, location: 2F
2-2: Ball
3-2: Strikes out looking
Batting: RHB Harrison Bader 0-0: Ground out 4-3 (Groundball, 4)
Bottom of the 8th over - 0 runs, 1 hit, 0 errors, 2 left on base; Cincinnati 1 - St. Louis 5
TOP OF THE 9TH
Cincinnati Reds batting - Pitching for St. Louis Cardinals : LHP Wei-Yin Chen
Pitching: RHP Mark Melancon
Batting: LHB Jarrod Dyson 0-0: Reached on error, E6 (Groundball, 6)
Batting: RHB Trea Turner 0-0: Called Strike
0-1: Ball
1-1: Ball
2-1: Foul Ball, location: 2F
2-2: SINGLE (Line Drive, 78M)
Jarrod Dyson to third
Batting: LHB Scooter Gennett 0-0: Swinging Strike
0-1: Ball
1-1: Foul Ball, location: 2F
1-2: Strikes out swinging
Batting: LHB Robinson Cano 0-0: Foul Ball, location: 2F
0-1: Ball
1-1: Foul Ball, location: 2F
1-2: Ball
2-2: Fly out, F7 (Line Drive, 7)
Runner from 3rd tags up, SCORES, no throw by LF
Batting: RHB Edwin Encarnacion 0-0: Fielders Choice at 2nd, 6-4 (Groundball, 6)
Top of the 9th over - 1 run, 1 hit, 1 error, 1 left on base; Cincinnati 2 - St. Louis 5
Sunday, September 23rd, 2018 - OOTP Baseball 19.8 Build 79